 Dungeon Crawl Stone Soup version 0.30.1-4-g462c640d31 (webtiles) character file.

Game seed: 394515795169824027

1845626 azzazzello the Conqueror (level 27, 249/249 HPs)
             Began as a Formicid Fighter on Aug 15, 2023.
             Was a High Priest of Okawaru.
             Escaped with the Orb
             ... and 3 runes on Aug 23, 2023!
             The game lasted 05:23:21 (57362 turns).

azzazzello the Conqueror (Formicid Fighter)        Turns: 57362, Time: 05:23:22

Health: 249/249    AC: 46    Str: 47    XL:     27
Magic:  43/43      EV: 23    Int:  2    God:    Okawaru [*****.]
Gold:   6131       SH: 35    Dex: 12    Spells: 40/48 levels left

rFire   + + +        b - +11 executioner's axe "Fuiticw" {heavy, rElec rN+ Str+9 Int-5}
rCold   + + .        n - +11 tower shield of the Writhing Gods {rF- rC+ rN++ rCorr}
rNeg    + + +        c - +9 scales of the Dragon King {rPois rF+ rC+ Will+}
rPois   +            (helmet unavailable)
rElec   +            v - +4 dragonskin cloak
rCorr   +            W - +2 pair of gloves "Ejepapaov" {rCorr Dex+3}
SInv    +            g - +2 pair of slick slippers {slick, slippery, EV+4}
Will    +++..        D - amulet "Ruarufif" {Regen+ MP+9} Stlth
                     J - ring "Taqairr" {rF+++ rCorr Str+6 Int-3 Dex-3}
HPRegen 1.41/turn    F - +5 ring of evasion
MPRegen 0.28/turn

%: no passive effects
@: studying 2 skills
A: permanent stasis, dig shafts and tunnels, antennae 3, four strong arms,
clumsy 1, deterioration 1, dopey 1, low MP 1, screaming 1, strong 1, subdued
magic 1, inability to drink after injury 1, inability to read after injury 1
0: Orb of Zot
}: 3/15 runes: serpentine, barnacled, slimy
a: Dig, Shaft Self, Renounce Religion, Heroism, Finesse, Duel


You escaped.
You worshipped Okawaru.
Okawaru was extremely pleased with you.
You visited 11 branches of the dungeon, and saw 52 of its levels.
You visited the Abyss 1 time.
You also visited: Trove, Ossuary, Gauntlet and Volcano.

You collected 7448 gold pieces.
You spent 1317 gold pieces at shops.

Inventory:

Hand Weapons
 a - the +18 lance "Wyrmbane" {slay drac, rPois rF+ rC+ AC+3}
   (You found it on level 3 of the Depths)

   AC:        It affects your AC (+3).
   rF:        It protects you from fire.
   rC:        It protects you from cold.
   rPois:     It protects you from poison.
 b - the +11 executioner's axe "Fuiticw" (weapon) {heavy, rElec rN+ Str+9 Int-5}
   (You bought it in a shop on level 2 of the Orcish Mines)

   Str:       It affects your strength (+9).
   Int:       It affects your intelligence (-5).
   rElec:     It insulates you from electricity.
   rN:        It protects you from negative energy.
Armour
 c - the +9 scales of the Dragon King (worn) {rPois rF+ rC+ Will+}
   (You found it on level 3 of the Depths)

   rF:        It protects you from fire.
   rC:        It protects you from cold.
   rPois:     It protects you from poison.
   Will:      It increases your willpower.
 g - the +2 pair of slick slippers (worn) {slick, slippery, EV+4}
   (You found it on level 4 of the Lair of Beasts)

   Slick:     Its wearer cannot be constricted, engulfed, netted or webbed.
   Slippery:  Its wearer slips away from damaging melee attacks, pulling the
   attacker onward.
   EV:        It affects your evasion (+4).
 k - a +2 cloak of willpower
 m - the +0 pair of boots of Chimes {-Tele Rampage rElec Slay+2}
   (You found it in a treasure trove)

   Slay:      It affects your accuracy & damage with ranged weapons and melee
   (+2).
   rElec:     It insulates you from electricity.
   -Tele:     It prevents most forms of teleportation.
   Rampage:   It bestows one free step when moving towards enemies.
 n - the +11 tower shield of the Writhing Gods (worn) {rF- rC+ rN++ rCorr}
   (Okawaru gifted it to you on level 2 of the Snake Pit)

   rF:        It makes you vulnerable to fire.
   rC:        It protects you from cold.
   rN:        It greatly protects you from negative energy.
   rCorr:     It protects you from acid and corrosion.
 r - the +2 pair of boots of Kias {Will- Regen+ Int+5 Stlth+}
   (You found it in a treasure trove)

   Int:       It affects your intelligence (+5).
   Regen:     It increases your rate of health regeneration.
   Will:      It decreases your willpower.
   Stlth:     It makes you more stealthy.
 v - the +4 dragonskin cloak (worn)
   (You took it off Tiamat on level 3 of the Realm of Zot)

   Avatar's Aegis: It grants the wearer a chance to resist fire, cold, poison,
   electricity, acid, and negative energy.
 Q - the +8 orange crystal plate armour {Archmagi, Int+3 Clar}
   (You found it on level 1 of the Depths)

   Int:       It affects your intelligence (+3).
   Clar:      It protects you from confusion, rage, mesmerisation and fear.
 W - the +2 pair of gloves "Ejepapaov" (worn) {rCorr Dex+3}
   (Okawaru gifted it to you on level 2 of the Elven Halls)

   Dex:       It affects your dexterity (+3).
   rCorr:     It protects you from acid and corrosion.
Jewellery
 D - the amulet "Ruarufif" (around neck) {Regen+ MP+9}
   (You found it on level 5 of the Pits of Slime)

   [amulet of regeneration]

   MP:        It affects your magic capacity (+9).
   Regen:     It increases your rate of health regeneration.
 F - a +5 ring of evasion (right hand)
 H - a ring of magical power
 J - the ring "Taqairr" (left hand) {rF+++ rCorr Str+6 Int-3 Dex-3}
   (You found it on level 5 of the Pits of Slime)

   [ring of strength]

   Str:       It affects your strength (+6).
   Int:       It affects your intelligence (-3).
   Dex:       It affects your dexterity (-3).
   rF:        It renders you almost immune to fire.
   rCorr:     It protects you from acid and corrosion.
 X - the ring "Nailaech" {Ice Str+5}
   (You found it on level 3 of the Elven Halls)

   [ring of ice]

   It enhances your ice magic.
   Str:       It affects your strength (+5).
   rF:        It makes you vulnerable to fire.
   rC:        It protects you from cold.
Wands
 h - a wand of acid (26)
 G - a wand of digging (45)
 N - a wand of mindburst (56)
 R - a wand of iceblast (49) (quivered)
Scrolls
 f - 2 scrolls of enchant weapon
 j - 4 scrolls of fog
 u - 10 scrolls of amnesia
 z - 6 scrolls of magic mapping
 A - 9 scrolls of fear
 B - a scroll of enchant armour
 I - 8 scrolls of silence
 O - 5 scrolls of poison
 S - 10 scrolls of immolation
Potions
 d - 11 potions of might
 e - 26 potions of curing
 l - 5 potions of invisibility
 o - 17 potions of attraction
 p - 9 potions of magic
 s - 8 potions of lignification
 w - 3 potions of resistance
 x - 6 potions of heal wounds
 C - 8 potions of ambrosia
 E - 11 potions of flight
 K - 9 potions of brilliance
 V - 4 potions of cancellation
Miscellaneous
 i - a lightning rod (4/4)
 t - a phial of floods
 y - a condenser vane
 Y - a phantom mirror


   Skills:
 O Level 27 Fighting
 - Level 23.7(24.0) Axes
 - Level 6.4(16.8) Polearms
 * Level 23.6 Armour
 - Level 13.0 Dodging
 - Level 26.0 Shields
 - Level 11.0 Spellcasting
 - Level 13.0 Hexes
 - Level 8.0 Transmutations
 - Level 8.0 Earth Magic
 - Level 4.0 Invocations
 - Level 7.0 Evocations


You had 40 spell levels left.
You knew the following spells:

 Your Spells              Type           Power      Damage    Failure   Level
a - Passwall              Tmut/Erth      2%         N/A       3%          2
b - Yara's Violent Unrav  Hex/Tmut       2%         3d3       26%         5
c - Beastly Appendage     Tmut           6%         N/A       2%          1

Your spell library contained the following spells:

 Spells                   Type           Power      Damage    Failure   Level
 Cause Fear               Hex            2%         N/A       2%          4
 Ensorcelled Hibernation  Hex/Ice        4%         N/A       7%          2
 Sting                    Tmut/Pois      8%         1d3       13%         1
 Dazzling Flash           Conj/Hex       4%         N/A       14%         3
 Inner Flame              Hex/Fire       2%         N/A       14%         3
 Portal Projectile        Hex/Tloc       4%         N/A       14%         3
 Spider Form              Tmut/Pois      2%         N/A       38%         3
 Stone Arrow              Conj/Erth      4%         3d7       38%         3
 Anguish                  Hex/Necr       1%         N/A       45%         4
 Fulminant Prism          Conj/Hex       1%         3d5       45%         4
 Apportation              Tloc           0%         N/A       58%         1
 Foxfire                  Conj/Fire      0%         2x1d4     58%         1
 Freeze                   Ice            0%         1d3       58%         1
 Kiss of Death            Conj/Necr      0%         2d5       58%         1
 Magic Dart               Conj           0%         1d3       58%         1
 Necrotise                Necr           0%         1d4       58%         1
 Ignite Poison            Fire/Tmut/Pois 1%         N/A       58%         3
 Blade Hands              Tmut           1%         N/A       58%         5
 Cigotuvi's Dreadful Rot  Necr/Pois/Air  0%         N/A       73%         2
 Lesser Beckoning         Tloc           0%         N/A       73%         2
 Poisonous Vapours        Pois/Air       0%         N/A       73%         2
 Scorch                   Fire           0%         2d5       73%         2
 Searing Ray              Conj           0%         2d4       73%         2
 Sublimation of Blood     Necr           0%         N/A       73%         2
 Ice Form                 Ice/Tmut       2%         N/A       80%         4
 Frozen Ramparts          Ice            0%         1d1       92%         3
 Gell's Gravitas          Tloc           0%         N/A       92%         3
 Hailstorm                Conj/Ice       0%         3d3       92%         3
 Mephitic Cloud           Conj/Pois/Air  0%         N/A       92%         3
 Teleport Other           Tloc           0%         N/A       92%         3
 Volatile Blastmotes      Fire/Tloc      0%         2d10      92%         3
 Enfeeble                 Hex            2%         N/A       96%         7
 Alistair's Intoxication  Tmut/Pois      1%         N/A       99%         5
 Borgnjor's Vile Clutch   Necr/Erth      1%         N/A       99%         5
 Irradiate                Conj/Tmut      1%         3d12      99%         5
 Dispel Undead            Necr           0%         3d6       100%        4
 Flame Wave               Conj/Fire      0%         2d4       100%        4
 Iskenderun's Mystic Bla  Conj/Tloc      0%         2d3       100%        4
 Olgreb's Toxic Radiance  Pois           0%         N/A       100%        4
 Passage of Golubria      Tloc           0%         N/A       100%        4
 Sticky Flame             Conj/Fire      0%         2d3       100%        4
 Fireball                 Conj/Fire      0%         3d3       100%        5
 Freezing Cloud           Conj/Ice/Air   0%         6-21      100%        5
 Iskenderun's Battlesphe  Conj           0%         2d6       100%        5
 Conjure Ball Lightning   Conj/Air       0%         3x3d6     100%        6
 Dispersal                Tloc           0%         N/A       100%        6
 Eringya's Noxious Bog    Tmut/Pois      1%         N/A       100%        6
 Iron Shot                Conj/Erth      1%         9d1       100%        6
 Plasma Beam              Fire/Air       0%         2x1d11    100%        6
 Starburst                Conj/Fire      0%         6d3       100%        6
 Dragon Form              Tmut           1%         N/A       100%        7
 Orb of Destruction       Conj           0%         9d5       100%        7
 Discord                  Hex            2%         N/A       100%        8
 Disjunction              Tloc           0%         N/A       100%        8
 Ignition                 Fire           0%         3d3       100%        8
 Tukima's Dance           Hex            Unusable   N/A       N/A         3
 Summon Guardian Golem    Hex/Summ       Unusable   N/A       N/A         3
 Summon Small Mammal      Summ           Unusable   N/A       N/A         1
 Call Canine Familiar     Summ           Unusable   N/A       N/A         3
 Swiftness                Air            Unusable   N/A       N/A         3
 Summon Forest            Summ/Tloc      Unusable   N/A       N/A         5
 Simulacrum               Ice/Necr       Unusable   N/A       N/A         6
 Summon Cactus Giant      Summ           Unusable   N/A       N/A         6
 Haunt                    Necr/Summ      Unusable   N/A       N/A         7
 Spellforged Servitor     Conj/Summ      Unusable   N/A       N/A         7
 Summon Hydra             Summ           Unusable   N/A       N/A         7

Dungeon Overview and Level Annotations

Branches:
Dungeon (15/15)            Temple (1/1) D:5            Lair (5/5) D:10
 Shoals (4/4) Lair:3        Snake (4/4) Lair:2        Slime (5/5) Lair:5
    Orc (2/2) D:12            Elf (3/3) Orc:2        Vaults (4/5) D:13
  Crypt (0/3) Vaults:2     Depths (4/4) D:15            Zot (5/5) Depths:4
Ossuary (visited)         Volcano (visited)         Gauntlet (visited)

Altars:
Ashenzari
Cheibriados
Dithmenos
Elyvilon
Fedhas
Gozag
Hepliaklqana
Kikubaaqudgha
Makhleb
Nemelex Xobeh
Okawaru
Qazlal
Ru
Sif Muna
Trog
Uskayaw
Vehumet
Wu Jian
Xom
Yredelemnul
Zin
The Shining One
Jiyva

Shops:
D:5 :   D:9 !   D:14 =   Orc:2 *?(   Elf:1 (   Zot:4 *   Depths:2 *

Portals:
Hell: Depths:1 Depths:2 Depths:3 Depths:4
Abyss: Depths:3 Depths:4
Pandemonium: Depths:2 Depths:3
Ziggurat: Depths:4

Annotations:
D:4 1 transporter
Zot:5 1 exclusion


Innate Abilities, Weirdness & Mutations

You cannot be hasted, slowed, berserked, paralysed or teleported.
You can dig through walls and to a lower floor.
You have a pair of large antennae on your head. (SInv)
Your four strong arms can wield two-handed weapons with a shield.
You are clumsy. (Dex -2)
Your body sometimes deteriorates upon taking damage.
You are dopey. (Int -2)
Your magical capacity is low. (-10% MP)
You occasionally shout uncontrollably at your foes.
Your muscles are strong. (Str +4, Int/Dex -1)
Your spells are a little easier to cast, but a little less powerful.
You occasionally lose the ability to drink potions when taking damage.
You occasionally lose the ability to read scrolls when taking damage.


Message History

The hellwing is heavily wounded.
You open Xoimobal like a pillowcase!!!!
You kill Xoimobal!
Okawaru accepts your kill.
You hear a shout!
Your life force feels restored.
Unknown command.
You block the hellwing's attack. x2
You closely miss the hellwing.
The hellwing is heavily wounded.
You block the hellwing's attack. x2
You slice the hellwing!!
You kill the hellwing!
Okawaru accepts your kill.
There is a stone staircase leading up here.
You climb upwards.
There is a stone staircase leading down here.
You feel like a meek peon again.
Your hands slow down.
Magic restored.
There is an escape hatch in the ceiling here.
A mysterious force pulls you upwards. The hatch slams shut behind you.
There is a stone staircase leading up here.
You climb upwards.
There is a stone staircase leading down here.
A large abomination comes into view.
An Executioner and 2 large abominations come into view.
The Executioner gestures.
The Executioner seems to speed up.
You slice the large abomination!!
The large abomination is severely damaged.
The large abomination hits you but does no damage.
You block the large abomination's attack.
There is a staircase leading out of the dungeon here.
You carve the large abomination like a ham!!!!
You destroy the large abomination!
Okawaru accepts your kill.
You slice the Executioner like a ripe choko!!!
You kill the Executioner!
Okawaru accepts your kill.
You have escaped!

##..........#.# #
####.............# #
#.....≈≈≈.≈≈≈....## #
#....≈≈.....≈≈....# ### ##
##...≈≈.♣..8..≈≈...######..
.######...≈≈.......♣.≈≈..#......#
.....##...≈.....♣.....≈....######
####......≈..8........≈..####....
##.....≈≈.♣..@.8..≈≈.## #....
#......≈≈.......≈≈..# #....
#.......≈≈.♣...≈≈..### ##.... #
#.......X≈≈≈≈≈≈≈.....###..... ##
#...........X.....##......... .#
#..........##..##.......#.... .#
#..........###.##..####.#....
.####...>......##......# #......
...................>...####......


You could see 2 large abominations.

Vanquished Creatures
  the Royal Jelly (Slime:5)
  Tiamat (Zot:3)
  4 ancient liches
  6 orbs of fire
  The ghost of Synox the Slayer, a legendary FoFi of Ru (Vaults:3)
  A pandemonium lord (D:4)
  Josephina (Zot:3)
  Vv (Zot:1)
  7 Killer Klowns (Zot:5)
  Bai Suzhen (Snake:3)
  Vashnia (Snake:4)
  5 caustic shrikes (Depths:1)
  3 curse toes (Zot:4)
  Nikola (Vaults:3)
  6 golden dragons
  5 electric golems
  The ghost of DemonSlayer the Unseen, an adept DsEE of Dithmenos (Elf:3)
  17 tentacled monstrosities
  A Tzitzimitl (Zot:5)
  A walking crystal tome (Depths:1)
  Zenata (Vaults:3)
  2 quicksilver dragons
  Asterion (Snake:1)
  2 titans
  2 liches
  27 Orb Guardians
  3 deep elf blademasters
  16 acid blobs
  2 deep elf master archers (Elf:3)
  Frances (Snake:2)
  6 sphinxes
  2 Executioners
  3 tentacled starspawn (Abyss:2)
  Kirke (D:13)
  11 death cobs
  8 shadow dragons
  6 tengu reavers
  20 draconian monks
  6 draconian knights
  8 azure jellies
  Donald (Slime:5)
  5 nagarajas
  15 storm dragons
  13 rockslimes
  A revenant (Vaults:3)
  12 frost giants
  3 deep elf sorcerers
  A balrug (Zot:5)
  11 vault wardens
  8 fire giants
  An iron dragon (Depths:1)
  2 draconian scorchers (Zot:3)
  Aizul (Vaults:2)
  2 spriggan defenders
  4 draconian stormcallers
  A juggernaut zombie (Depths:2)
  An angel (D:13)
  6 draconian shifters
  4 draconian annihilators
  4 deep elf elementalists (Elf:3)
  2 caustic shrike zombies (Depths:1)
  4 orc warlords
  A reaper (Zot:5)
  15 ironbound preservers
  22 stone giants
  13 quicksilver oozes
  5 ironbound thunderhulks
  4 war gargoyles
  22 very ugly things
  4 deep elf demonologists
  A vampire knight (Depths:4)
  6 white draconians
  7 green draconians
  12 black draconians
  3 deep elf annihilators (Elf:3)
  16 dire elephants
  8 purple draconians
  10 red draconians
  6 yellow draconians
  12 spark wasps
  2 minotaurs
  Snorg (D:14)
  10 merfolk impalers
  7 deep elf death magi (Elf:3)
  An eidolon (Vaults:3)
  12 fire dragons
  13 ettins
  3 deep elf high priests (Elf:3)
  An entropy weaver (Vaults:2)
  12 great orbs of eyes
  The ghost of spardeous the Thaumaturge, a journeyman DgCj (Lair:4)
  5 jiangshi (Depths:1)
  A salamander tyrant (Snake:3)
  13 yaktaur captains
  6 merfolk javelineers (Shoals:4)
  7 vault guards
  10 ice dragons
  A hell beast (Gauntlet)
  A peacekeeper (Vaults:4)
  2 ogre magi
  6 hydras
  2 catoblepae
  8 spriggan air magi
  5 rakshasas
  6 ironbound frosthearts
  7 centaur warriors
  Erica (D:8)
  A two-headed ogre (shapeshifter) (Depths:4)
  6 boulder beetles
  A satyr (Shoals:2)
  5 death yaks
  3 merfolk aquamancers (Shoals:4)
  18 tengu warriors
  2 merfolk avatars (Shoals:1)
  9 anacondas
  10 deep troll shamans
  13 two-headed ogres
  5 hell hogs
  10 deep troll earth magi
  4 vampire magi
  34 dancing weapons
  The ghost of Stellion the Cleaver, a novice HuFi of Okawaru (D:8)
  21 naga sharpshooters
  2 death knights (Vaults:2)
  6 spriggan berserkers
  23 naga warriors
  11 shock serpents
  2 thrashing horrors (Abyss:2)
  A sun demon (Abyss:2)
  A titan skeleton (Depths:2)
  20 hell knights
  5 orc high priests (Orc:2)
  3 salamander mystics
  Nergalle (Lair:2)
  A fire crab (shapeshifter) (D:14)
  14 deep elf knights
  11 iron trolls
  4 skysharks
  2 spriggan riders (Depths:1)
  3 skeletal warriors (D:13)
  3 flayed ghosts
  A storm dragon skeleton (Depths:2)
  A spark wasp zombie (Depths:1)
  A death drake (shapeshifter) (Depths:1)
  An obsidian statue (Zot:4)
  8 glowing orange brains
  The ghost of hilljack the Summoner, a novice HuSu of Vehumet (D:7)
  8 sea snakes
  6 large abominations
  48 deep trolls
  A sea snake (shapeshifter) (Vaults:4)
  9 deep elf archers
  8 lindwurms
  8 wizards
  11 naga ritualists
  An orange crystal statue (Elf:3)
  16 necromancers
  46 ugly things
  23 deep elf pyromancers
  7 cyclopes
  2 phantasmal warriors (Vaults:3)
  5 harpies (Shoals:3)
  17 deep elf zephyrmancers
  17 orc knights
  18 ironbound convokers
  22 salamanders
  A frost giant zombie (Depths:2)
  10 fauns
  3 orc sorcerers (Orc:2)
  5 shining eyes
  11 manticores
  25 moths of wrath
  16 mana vipers
  An oklob plant (Lair:3)
  A tengu skeleton (Depths:2)
  7 merfolk sirens
  A stone giant skeleton (Depths:1)
  13 vault sentinels
  A frost giant skeleton (Vaults:3)
  23 naga magi
  2 rust devils
  13 water nymphs
  46 black mambas
  12 guardian serpents
  A human skeleton (Vaults:3)
  9 torpor snails
  4 gargoyles
  7 eyes of devastation
  2 hellions
  An orange demon (Zot:1)
  2 unseen horrors (D:12)
  13 cane toads
  2 efreet
  Maggie (D:10)
  A kobold demonologist (D:12)
  5 rime drakes
  An ancient zyme (Abyss:2)
  7 komodo dragons
  A freezing wraith (Vaults:3)
  30 yaktaurs
  A golden dragon simulacrum (Zot:3)
  5 tengu conjurers
  7 trolls
  A troll (shapeshifter) (D:15)
  A yaktaur skeleton (Vaults:3)
  3 tyrant leeches (Lair:5)
  8 wind drakes
  44 merfolk
  A hellwing (D:4)
  A meliai (D:14)
  10 polar bears
  13 hornets
  A sphinx simulacrum (Vaults:3)
  18 blink frogs
  6 raiju
  5 dream sheep
  A fire giant simulacrum (Vaults:3)
  8 snapping turtles
  A draconian simulacrum (Zot:3)
  124 slime creatures
  9 air elementals
  7 spriggans
  6 flying skulls (Abyss:2)
  A jumping spider (shapeshifter) (D:13)
  An ettin skeleton (Depths:1)
  A vampire (D:13)
  7 wyverns
  39 water elementals
  4 wraiths
  3 basilisks
  5 fire bats
  A fire elemental (Elf:1)
  10 starcursed masses (Abyss:2)
  2 chaos spawn
  50 yaks
  4 golden eyes
  4 hogs (D:13)
  3 vampire mosquitoes (D:13)
  A neqoxec (Abyss:2)
  5 small abominations
  Eustachio (D:5)
  A yellow draconian simulacrum (Zot:3)
  A redback (Vaults:2)
  2 steam dragons
  8 wargs
  A harpy simulacrum (D:15)
  An acid dragon (D:11)
  49 nagas
  18 hell hounds
  13 water moccasins
  A moth of wrath simulacrum (Zot:3)
  2 floating eyes
  25 orc warriors
  2 sky beasts (D:7)
  12 black bears
  5 ice beasts
  8 ogres
  9 centaurs
  26 wolves
  A phantom (D:6)
  2 kobold brigands (D:7)
  14 bullfrogs
  A scorpion (D:5)
  An earth elemental (Elf:1)
  A wyvern zombie (Ossuary)
  A gnoll sergeant (D:9)
  A water moccasin zombie (Ossuary)
  17 wights
  7 killer bees (D:9)
  4 howler monkeys
  3 electric eels
  3 centaur zombies (Ossuary)
  10 jellies
  A bullfrog zombie (Ossuary)
  2 gnoll boudas
  34 orc priests
  A hound (D:5)
  A sleepcap (D:5)
  5 iguanas
  Natasha (thrice) (D:2)
  25 orc wizards
  7 hell rats (Lair:3)
  A killer bee zombie (Ossuary)
  17 mummies (Ossuary)
  A howler monkey zombie (Ossuary)
  14 gnolls
  6 adders
  7 white imps
  An ufetubus (D:6)
  A worm (D:3)
  2 dart slugs
  82 orcs
  7 ball pythons
  4 bats (D:3)
  8 endoplasms
  A giant cockroach (D:1)
  8 goblins
  5 hobgoblins
  9 quokkas
  A frilled lizard (D:1)
  9 kobolds
  5 rats
  7 spectral weapons
  5 starspawn tentacles (Abyss:2)
2379 creatures vanquished.

Vanquished Creatures (collateral kills)
  A yak (D:10)
  An orc wizard (D:10)
  An orc (D:10)
3 creatures vanquished.

Vanquished Creatures (others)
  A deep elf knight (Elf:2)
  A shadow dragon simulacrum (Zot:3)
  A starspawn tentacle (Abyss:2)
3 creatures vanquished.

Grand Total: 2385 creatures vanquished

Notes
Turn   | Place    | Note
-------+----------+-------------------------------------------
     0 | D:1      | azzazzello the Formicid Fighter began the quest for the
                  | Orb.
     0 | D:1      | Reached XP level 1. HP: 18/18 MP: 1/1
    44 | D:1      | Reached XP level 2. HP: 25/25 MP: 2/2
   105 | D:1      | Reached skill level 4 in Fighting
   160 | D:1      | Reached XP level 3. HP: 29/31 MP: 3/3
   723 | D:2      | Noticed Natasha
   734 | D:2      | Killed Natasha
   735 | D:2      | Reached skill level 5 in Fighting
   735 | D:2      | Reached XP level 4. HP: 37/39 MP: 4/4
   769 | D:2      | Noticed Natasha
   888 | D:2      | Killed Natasha
  1107 | D:2      | Noticed Natasha
  1113 | D:2      | Killed Natasha
  1114 | D:2      | Reached skill level 6 in Fighting
  1114 | D:2      | Reached XP level 5. HP: 46/46 MP: 5/5
  1920 | D:3      | Found a bloodstained altar of Trog.
  2108 | D:3      | Found a faded altar of an unknown god.
  2215 | D:4      | Noticed an ogre
  2410 | D:4      | Found a sacrificial altar of Ru.
  2726 | D:4      | Found a hide-covered altar of Uskayaw.
  2765 | D:4      | Reached XP level 6. HP: 38/53 MP: 6/6
  2824 | D:4      | Reached skill level 7 in Fighting
  3151 | D:4      | Found a sparkling altar of Nemelex Xobeh.
  3151 | D:4      | Found a transporter.
  3152 | D:4      | Noticed a steam dragon
  3245 | D:4      | Killed an ogre
  3889 | D:5      | Entered Level 5 of the Dungeon
  3913 | D:5      | Found a sand-covered staircase.
  3924 | Ossuary  | Entered an ossuary
  3942 | Ossuary  | Reached XP level 7. HP: 57/61 MP: 7/7
  3978 | Ossuary  | Reached skill level 8 in Fighting
  4245 | Ossuary  | Reached XP level 8. HP: 46/69 MP: 8/8
  4254 | Ossuary  | Reached skill level 5 in Armour
  4386 | Ossuary  | Reached skill level 1 in Dodging
  4565 | Ossuary  | Reached skill level 5 in Shields
  4990 | D:5      | Found a staircase to the Ecumenical Temple.
  5002 | Temple   | Entered the Ecumenical Temple
  5286 | D:5      | Reached XP level 9. HP: 56/75 MP: 9/9
  5435 | D:5      | Found Jyhaocw's Book Boutique.
  5496 | D:5      | Noticed Eustachio
  5510 | D:5      | Killed Eustachio
  5511 | D:5      | Reached skill level 5 in Axes
  5553 | D:5      | Found a broken altar of Ashenzari.
  6172 | D:6      | Reached skill level 9 in Fighting
  6441 | D:6      | Identified the +5 kite shield of Amelioration {*Corrode
                  | rElec rN+ Stlth+}
  6961 | D:7      | Found a runed translucent gate.
  6987 | D:7      | Found a runed translucent gate.
  6987 | D:7      | Noticed hilljack's ghost (novice HuSu)
  6989 | D:7      | Found a runed translucent gate.
  7070 | D:7      | Reached skill level 1 in Evocations
  7260 | D:7      | Reached skill level 1 in Spellcasting
  7756 | D:8      | Found a runed translucent gate.
  7757 | D:8      | Found a runed translucent gate.
  7757 | D:8      | Found a runed translucent gate.
  7761 | D:8      | Noticed Stellion's ghost (novice HuFi)
  7829 | D:8      | Reached XP level 10. HP: 22/83 MP: 11/13
  8334 | D:8      | Noticed Erica
  8349 | D:8      | Killed Erica
  8350 | D:8      | Reached skill level 1 in Polearms
  8668 | D:8      | Found a glowing silver altar of Zin.
  8860 | D:8      | Noticed a two-headed ogre
  8874 | D:8      | Killed a two-headed ogre
  9521 | D:9      | Noticed a two-headed ogre
  9536 | D:9      | Killed a two-headed ogre
  9537 | D:9      | Reached skill level 5 in Polearms
  9537 | D:9      | Reached XP level 11. HP: 51/90 MP: 16/16
  9698 | D:9      | Found Ufymutel's Distillery.
  9715 | D:9      | Learned a level 2 spell: Passwall
 10095 | D:9      | Reached skill level 1 in Earth Magic
 10290 | D:10     | Entered Level 10 of the Dungeon
 10552 | D:10     | Noticed Maggie
 10570 | D:10     | Killed Maggie
 10571 | D:10     | Reached skill level 10 in Fighting
 10791 | D:10     | Identified the +5 war axe of Siestoo {freeze, rN+ Will+
                  | Str+3 Dex+2}
 10835 | D:10     | Noticed a death yak
 10840 | D:10     | Noticed a death yak
 10842 | D:10     | Killed a death yak
 10843 | D:10     | Noticed a death yak
 10848 | D:10     | Killed a death yak
 10867 | D:10     | Killed a death yak
 10889 | D:10     | Found a staircase to the Lair.
 11104 | D:10     | Found an iron altar of Okawaru.
 11143 | D:10     | Became a worshipper of Warmaster Okawaru
 11563 | D:10     | Reached skill level 10 in Shields
 11743 | Lair:1   | Entered Level 1 of the Lair of Beasts
 11801 | Lair:1   | Reached XP level 12. HP: 97/97 MP: 18/18
 11819 | Lair:1   | Reached * piety under Okawaru
 11941 | Lair:1   | Found a transporter.
 11942 | Lair:1   | Found a transporter.
 11942 | Lair:1   | Noticed a boulder beetle
 12908 | Lair:2   | Reached ** piety under Okawaru
 12943 | Lair:2   | Noticed Nergalle
 12955 | Lair:2   | Killed Nergalle
 13102 | Lair:2   | Reached skill level 10 in Armour
 13380 | Lair:2   | Found a staircase to the Snake Pit.
 13454 | Lair:2   | Reached *** piety under Okawaru
 13515 | Lair:2   | Noticed a death yak
 13524 | Lair:2   | Killed a death yak
 13678 | Lair:2   | Reached skill level 5 in Evocations
 13784 | Lair:2   | Noticed a five-headed hydra
 13802 | Lair:2   | Killed a six-headed hydra
 13802 | Lair:2   | Reached **** piety under Okawaru
 13803 | Lair:2   | Reached XP level 13. HP: 64/105 MP: 19/19
 14064 | Lair:3   | Reached skill level 11 in Fighting
 14334 | Lair:3   | Reached ***** piety under Okawaru
 14444 | Lair:3   | Found a staircase to the Shoals.
 14494 | Lair:3   | Found a basalt altar of Yredelemnul.
 14990 | Lair:4   | Found the +2 pair of slick slippers {slick, slippery, EV+4}
 15052 | Lair:4   | Reached skill level 1 in Invocations
 15149 | Lair:4   | Found a dark tunnel.
 15165 | Volcano  | Entered a volcano
 15185 | Volcano  | Reached skill level 10 in Axes
 15410 | Lair:4   | Found a runed translucent gate.
 15543 | Lair:4   | Reached skill level 5 in Spellcasting
 15815 | Lair:4   | Found a runed translucent gate.
 15815 | Lair:4   | Found a runed translucent gate.
 15846 | Lair:4   | Noticed a minotaur
 15866 | Lair:4   | Noticed spardeous's ghost (journeyman DgCj)
 16073 | Lair:4   | Killed a minotaur
 16104 | Lair:4   | Killed spardeous's ghost
 16104 | Lair:4   | Identified the +9 scale mail of the Catamount {rElec}
                  | (Okawaru gifted it to you on level 4 of the Lair of Beasts)
 16104 | Lair:4   | Received a gift from Okawaru
 16105 | Lair:4   | Reached XP level 14. HP: 40/113 MP: 20/22
 16230 | Lair:5   | Entered Level 5 of the Lair of Beasts
 16375 | Lair:5   | Found a gate leading to a gauntlet.
 16385 | Gauntlet | Entered a Gauntlet
 16385 | Gauntlet | Found a large runed translucent door.
 16385 | Gauntlet | Found a large runed translucent door.
 16385 | Gauntlet | Found a runed translucent door.
 16385 | Gauntlet | Found a large runed translucent door.
 16385 | Gauntlet | Found a large runed translucent door.
 16385 | Gauntlet | Found a large runed translucent door.
 16385 | Gauntlet | Found a large runed translucent door.
 16385 | Gauntlet | Found a transporter.
 16385 | Gauntlet | Found a large runed translucent door.
 16385 | Gauntlet | Found a large runed translucent door.
 16385 | Gauntlet | Found a runed translucent door.
 16385 | Gauntlet | Found a runed translucent gate.
 16385 | Gauntlet | Found a runed translucent gate.
 16385 | Gauntlet | Found a transporter.
 16385 | Gauntlet | Found a runed translucent door.
 16385 | Gauntlet | Found a transporter.
 16386 | Gauntlet | Found a runed translucent door.
 16386 | Gauntlet | Found a runed translucent gate.
 16390 | Gauntlet | Found a large runed translucent door.
 16390 | Gauntlet | Found a large runed translucent door.
 16390 | Gauntlet | Found a large runed translucent door.
 16390 | Gauntlet | Found a large runed translucent door.
 16391 | Gauntlet | Found a large runed translucent door.
 16392 | Gauntlet | Found a large runed translucent door.
 16401 | Gauntlet | Found a large runed translucent door.
 16401 | Gauntlet | Found a large runed translucent door.
 16407 | Gauntlet | Found a transporter.
 16417 | Gauntlet | Found a transporter.
 16420 | Gauntlet | Found a transporter.
 16431 | Gauntlet | Found a transporter.
 16450 | Gauntlet | Found a transporter.
 16464 | Gauntlet | Found a transporter.
 16467 | Gauntlet | Found a transporter.
 16468 | Gauntlet | Found a runed translucent door.
 16478 | Gauntlet | Found a transporter.
 16478 | Gauntlet | Found a transporter.
 16645 | Gauntlet | Identified the +0 plate armour "Qiabbo" {Dex+5}
 16697 | Gauntlet | Noticed a minotaur
 16704 | Gauntlet | Killed a minotaur
 16705 | Gauntlet | Reached skill level 5 in Dodging
 16969 | Lair:5   | Reached skill level 12 in Fighting
 17127 | Lair:5   | Received a gift from Okawaru
 17182 | Lair:5   | Reached skill level 5 in Earth Magic
 17291 | Lair:5   | Reached ****** piety under Okawaru
 17388 | Lair:5   | Reached XP level 15. HP: 122/122 MP: 25/25
 17833 | Lair:5   | Found a viscous altar of Jiyva.
 17833 | Lair:5   | Found a staircase to the Slime Pits.
 17940 | Lair:5   | Found a runed translucent door.
 18694 | Lair:1   | Identified the +4 halberd of Giriehun {venom, Contam Dex+7}
                  | (Okawaru gifted it to you on level 1 of the Lair of Beasts)
 18694 | Lair:1   | Received a gift from Okawaru
 19059 | D:7      | Killed hilljack's ghost
 19060 | D:7      | Reached skill level 13 in Fighting
 19137 | D:8      | Killed Stellion's ghost
 19620 | D:11     | Identified the +0 broad axe "Diw Bocu" {venom, Str+5}
 19915 | D:12     | Found a staircase to the Orcish Mines.
 20333 | D:12     | Identified the +0 chain mail of Citez {Harm rF+ Str+3}
                  | (Okawaru gifted it to you on level 12 of the Dungeon)
 20333 | D:12     | Received a gift from Okawaru
 20678 | D:13     | Identified the +2 scale mail of Autumn {Harm Rampage rF+
                  | Will+}
 20749 | D:13     | Found a gate to the Vaults.
 20818 | D:13     | Found an ornate altar of the Wu Jian Council.
 20932 | D:13     | Noticed Kirke
 20942 | D:13     | Reached XP level 16. HP: 131/131 MP: 27/27
 20945 | D:13     | Killed Kirke
 21349 | D:14     | Identified 2 scrolls of acquirement
 21351 | D:14     | Acquired a manual of Armour
 21355 | D:14     | Acquired the +8 executioner's axe "Ikidecki" {elec, Dex+4}
 21769 | D:14     | Noticed Snorg
 21778 | D:14     | Killed Snorg
 21816 | D:14     | Found Jouffana's Jewellery Shop.
 22083 | D:15     | Entered Level 15 of the Dungeon
 22119 | D:15     | Identified the +1 chain mail of Noaqar {rC+} (Okawaru
                  | gifted it to you on level 15 of the Dungeon)
 22119 | D:15     | Received a gift from Okawaru
 22227 | D:15     | Identified the +2 ring mail of Music {Harm}
 22230 | D:15     | Identified the +2 hat of Hifodgh {+Blink Regen+ Slay+3
                  | Stlth+}
 22522 | D:15     | Noticed a frost giant
 22537 | D:15     | Killed a frost giant
 22550 | D:15     | Found a staircase to the Depths.
 22780 | Orc:1    | Entered Level 1 of the Orcish Mines
 23143 | Orc:2    | Entered Level 2 of the Orcish Mines
 23616 | Orc:2    | Reached skill level 14 in Fighting
 23873 | Orc:2    | Found a staircase to the Elven Halls.
 24207 | Orc:2    | Found Sauhuh's Antique Weapon Boutique.
 24207 | Orc:2    | Found Vafram's Magic Scroll Boutique.
 24366 | Orc:2    | Found Imo Gida's Book Shop.
 24463 | Orc:2    | Found Iqihi's Assorted Antiques.
 24491 | Orc:2    | Bought a scroll of fear for 80 gold pieces
 24493 | Orc:2    | Bought a scroll of acquirement for 832 gold pieces
 24494 | Orc:2    | Acquired a manual of Hexes
 24539 | Orc:2    | Bought a glimmering executioner's axe for 405 gold pieces
 24539 | Orc:2    | Identified the +11 executioner's axe "Fuiticw" {heavy,
                  | rElec rN+ Str+9 Int-5} (You bought it in a shop on level 2
                  | of the Orcish Mines)
 24714 | Snake:1  | Entered Level 1 of the Snake Pit
 24717 | Snake:1  | Noticed Asterion
 24720 | Snake:1  | Noticed a nagaraja
 24728 | Snake:1  | Reached skill level 1 in Hexes
 24729 | Snake:1  | Killed Asterion
 24729 | Snake:1  | Identified the +6 chain mail of the Ubiquitous God {Contam
                  | rF++ Will++} (Okawaru gifted it to you on level 1 of the
                  | Snake Pit)
 24729 | Snake:1  | Received a gift from Okawaru
 24731 | Snake:1  | Killed a nagaraja
 24732 | Snake:1  | Reached skill level 1 in Transmutations
 24732 | Snake:1  | Reached XP level 17. HP: 122/139 MP: 22/29
 24740 | Snake:1  | Reached skill level 15 in Axes
 24904 | Snake:1  | Found a shadowy altar of Dithmenos.
 25612 | Snake:2  | Noticed Frances
 25619 | Snake:2  | Killed Frances
 25619 | Snake:2  | Identified the +11 tower shield of the Writhing Gods {rF-
                  | rC+ rN++ rCorr} (Okawaru gifted it to you on level 2 of the
                  | Snake Pit)
 25619 | Snake:2  | Received a gift from Okawaru
 25655 | Snake:2  | Reached skill level 5 in Hexes
 26222 | Snake:3  | Noticed Bai Suzhen
 26228 | Snake:3  | Killed Bai Suzhen
 26242 | Snake:3  | Reached XP level 18. HP: 134/147 MP: 30/30
 26272 | Snake:3  | Learned a level 5 spell: Yara's Violent Unravelling
 26523 | Snake:3  | Identified the +6 flail of Qazlal, Crafting {heavy, rElec
                  | rF+ SInv}
 26758 | Snake:3  | Received a gift from Okawaru
 26759 | Snake:3  | Reached skill level 15 in Shields
 26849 | Snake:4  | Entered Level 4 of the Snake Pit
 27013 | Snake:4  | Reached skill level 15 in Armour
 27068 | Snake:4  | Received a gift from Okawaru
 27161 | Snake:4  | Noticed Vashnia
 27165 | Snake:4  | Reached skill level 15 in Fighting
 27167 | Snake:4  | Killed Vashnia
 27424 | Snake:4  | Reached XP level 19. HP: 122/152 MP: 32/32
 27850 | Snake:4  | Got a serpentine rune of Zot
 28484 | Elf:1    | Entered Level 1 of the Elven Halls
 28605 | Elf:1    | Found Ezxaise's Weapon Shoppe.
 29481 | Elf:2    | Reached skill level 10 in Hexes
 29503 | Elf:2    | Found a runed translucent gate.
 29505 | Elf:2    | Found a runed translucent gate.
 29505 | Elf:2    | Found a runed translucent gate.
 29544 | Elf:2    | Received a gift from Okawaru
 29776 | Elf:2    | Identified the +4 ring mail of the Holding Gods {rPois
                  | rCorr Str+2 Stlth-}
 29887 | Elf:2    | Identified the +2 pair of gloves "Ejepapaov" {rCorr Dex+3}
                  | (Okawaru gifted it to you on level 2 of the Elven Halls)
 29887 | Elf:2    | Received a gift from Okawaru
 29989 | Elf:2    | Reached XP level 20. HP: 163/164 MP: 33/33
 30266 | Elf:3    | Entered Level 3 of the Elven Halls
 30441 | Elf:3    | Found a runed translucent door.
 30441 | Elf:3    | Noticed DemonSlayer's ghost (adept DsEE)
 31193 | Elf:3    | Killed DemonSlayer's ghost
 31303 | Abyss:2  | Cast into level 2 of the Abyss (a deep elf demonologist)
 31330 | Abyss:2  | Found a corrupted altar of Lugonu.
 31483 | Abyss:2  | Reached skill level 16 in Fighting
 31490 | Abyss:2  | Gained mutation: You are weak. (Str -2) [a neqoxec]
 31634 | Elf:3    | Escaped the Abyss
 31663 | Elf:3    | Received a gift from Okawaru
 31873 | Elf:3    | Got Nitinu's Teachings on the Discharge
 31882 | Elf:3    | Got Zeuxzemu's Enchiridion on Overcast Shades
 31885 | Elf:3    | Got the Papyrus of the Torch and Transmutation
 31912 | Elf:3    | Identified the +5 great sword "Tompoim" {drain, rF+ Str+2}
 31936 | Elf:3    | Identified the staff of fire "Immuf" {rF+ Dex+3}
 31939 | Elf:3    | Got Guus's Almanac of Unholy Acts
 31946 | Elf:3    | Identified the ring "Nailaech" {Ice Str+5}
 31948 | Elf:3    | Identified the ring "Sauvo" {Wiz Stlth+}
 31951 | Elf:3    | Identified the staff of cold "Ufeituat" {rC+ Int+2 SInv}
 31969 | Elf:3    | Identified the +0 chain mail of Disaster {Regen+ Str+3}
 31972 | Elf:3    | Identified the staff of cold "Bituhaxt" {rC+ Will+ SInv
                  | Stlth+}
 31974 | Elf:3    | Identified the staff of conjuration "Ifruej" {rPois}
 31978 | Elf:3    | Identified the staff of air "Diplum" {rElec Str+3}
 32063 | Elf:3    | Identified the +1 helmet "Higox" {rPois}
 32510 | Vaults:1 | Entered Level 1 of the Vaults
 32523 | Vaults:1 | Reached skill level 5 in Transmutations
 32829 | Vaults:1 | Reached XP level 21. HP: 166/172 MP: 34/34
 33504 | Vaults:1 | Identified the +12 chain mail of Reis {*Slow rN+ Slay+6}
                  | (Okawaru gifted it to you on level 1 of the Vaults)
 33504 | Vaults:1 | Received a gift from Okawaru
 34052 | Vaults:2 | Found a portal to a secret trove of treasure.
 34155 | Vaults:2 | Found a staircase to the Crypt.
 34256 | Vaults:2 | Reached skill level 17 in Fighting
 34679 | Vaults:2 | Noticed Aizul
 34687 | Vaults:2 | Killed Aizul
 34688 | Vaults:2 | Reached skill level 10 in Spellcasting
 35548 | Vaults:3 | Noticed Zenata
 35564 | Vaults:3 | Killed Zenata
 35564 | Vaults:3 | Identified the +0 pair of gloves "Miczuec" {+Blink rElec
                  | Str+2 Dex+3} (Okawaru gifted it to you on level 3 of the
                  | Vaults)
 35564 | Vaults:3 | Received a gift from Okawaru
 35586 | Vaults:3 | Learned a level 1 spell: Beastly Appendage
 35671 | Vaults:3 | Reached XP level 22. HP: 157/182 MP: 36/36
 35751 | Vaults:3 | Noticed Nikola
 35757 | Vaults:3 | Killed Nikola
 36049 | Vaults:3 | Noticed an ancient lich
 36051 | Vaults:3 | Killed an ancient lich
 36094 | Vaults:3 | Found the +8 storm bow {elec, penet}
 36116 | Vaults:3 | Found a runed translucent gate.
 36116 | Vaults:3 | Found a runed translucent gate.
 36117 | Vaults:3 | Found a runed translucent gate.
 36117 | Vaults:3 | Noticed Synox's ghost (legendary FoFi)
 36503 | Vaults:3 | Killed Synox's ghost
 36504 | Vaults:3 | Reached skill level 18 in Fighting
 36514 | Vaults:3 | Identified the +0 cloak of Wiotefak {rN+ rCorr}
 36827 | Vaults:4 | Received a gift from Okawaru
 37118 | Vaults:4 | Identified the +1 robe of Caustic Freedom {Int+3} (Okawaru
                  | gifted it to you on level 4 of the Vaults)
 37118 | Vaults:4 | Received a gift from Okawaru
 37794 | Vaults:4 | Reached XP level 23. HP: 192/192 MP: 37/37
 37808 | Vaults:4 | Reached skill level 19 in Fighting
 38375 | Depths:1 | Entered Level 1 of the Depths
 38430 | Depths:1 | Found an opulent altar of Gozag.
 38736 | Depths:1 | Reached skill level 20 in Fighting
 38789 | Depths:1 | Found a gateway to Hell.
 38968 | Depths:1 | Received a gift from Okawaru
 38970 | Depths:1 | Noticed a golden dragon
 38973 | Depths:1 | Reached skill level 10 in Dodging
 38982 | Depths:1 | Killed a golden dragon
 39110 | Depths:1 | Identified the +1 fire dragon scales of Eternal Night {Fly
                  | rF++ rC-}
 39112 | Depths:1 | Identified the +6 ring mail of the Mind {rF+ rN+}
 39132 | Depths:1 | Identified the ring of Gagah {*Slow rElec rPois rF+ rCorr}
 39188 | Depths:1 | Identified the staff of death "Husch" {rN+ MP-9 Int+4 SInv}
 39353 | Depths:1 | Noticed a caustic shrike
 39353 | Depths:1 | Noticed a caustic shrike
 39364 | Depths:1 | Noticed a caustic shrike
 39364 | Depths:1 | Noticed a caustic shrike
 39375 | Depths:1 | Noticed a caustic shrike
 39381 | Depths:1 | Killed a caustic shrike
 39381 | Depths:1 | Killed a caustic shrike
 39385 | Depths:1 | Killed a caustic shrike
 39385 | Depths:1 | Killed a caustic shrike
 39386 | Depths:1 | Reached skill level 21 in Fighting
 39387 | Depths:1 | Killed a caustic shrike
 39387 | Depths:1 | Identified the +9 hand axe of Okawaru's Hatred {vamp, SInv}
                  | (Okawaru gifted it to you on level 1 of the Depths)
 39387 | Depths:1 | Received a gift from Okawaru
 39500 | Depths:1 | Reached XP level 24. HP: 208/208 MP: 37/37
 39756 | Depths:1 | Identified the +6 great sword "azzazzello's Death" {heavy,
                  | rF+++ rC+++ Str-5 Dex-2}
 39771 | Depths:1 | Reached skill level 22 in Fighting
 39915 | Depths:1 | Identified the +7 plate armour of Okawaru's Regard {Harm}
                  | (Okawaru gifted it to you on level 1 of the Depths)
 39915 | Depths:1 | Received a gift from Okawaru
 39938 | Depths:1 | Found the +8 orange crystal plate armour {Archmagi, Int+3
                  | Clar}
 40082 | Depths:1 | Identified the staff of conjuration "Wiut" {rN+}
 40180 | Depths:1 | Identified the staff of cold "Quefis" {rC+ Str+2 Dex+2}
 40502 | Vaults:2 | You paid a toll of a +6 demon whip to enter a treasure
                  | trove
 40503 | Trove    | Entered a treasure trove
 40536 | Trove    | Identified the +2 pair of boots of Kias {Will- Regen+ Int+5
                  | Stlth+}
 40537 | Trove    | Identified the +0 pair of boots of Chimes {-Tele Rampage
                  | rElec Slay+2}
 40566 | Trove    | Identified the +0 pair of gloves of the Invisible Hand
                  | {Regen+ Str-5 Int+6}
 40567 | Trove    | Identified the +0 pair of gloves of Hoiqouda {rElec}
 40617 | Trove    | Identified the +0 helmet of Hadjma {+Inv Str+4}
 40619 | Trove    | Identified the +1 hat "Jeot Qau" {*Slow +Inv rElec rC-}
 40896 | Shoals:1 | Entered Level 1 of the Shoals
 43172 | Shoals:4 | Entered Level 4 of the Shoals
 43511 | Shoals:4 | Reached skill level 23 in Fighting
 43511 | Shoals:4 | Reached XP level 25. HP: 213/221 MP: 38/38
 43574 | Shoals:4 | Received a gift from Okawaru
 44077 | Shoals:4 | Got a barnacled rune of Zot
 44257 | Slime:1  | Entered Level 1 of the Pits of Slime
 44337 | Slime:3  | Gained mutation: Armour fits poorly on your strangely
                  | shaped body. [a shining eye]
 44340 | Slime:3  | Gained mutation: You are vulnerable to cold. (rC-) [a
                  | shining eye]
 44631 | Slime:2  | Received a gift from Okawaru
 44913 | Slime:1  | Gained mutation: You have hidden genetic defects. [a
                  | shining eye]
 45937 | Slime:5  | Entered Level 5 of the Pits of Slime
 45948 | Slime:5  | Lost mutation: You are weak. (Str -2) [a shining eye]
 46039 | Slime:5  | Gained mutation: Potions are less effective at restoring
                  | your health. [a shining eye]
 46052 | Slime:5  | Noticed Donald
 46064 | Slime:5  | Killed Donald
 46693 | Slime:5  | Gained mutation: Your body sometimes deteriorates upon
                  | taking damage. [hidden defects]
 46694 | Slime:5  | Lost mutation: You are vulnerable to cold. (rC-) [potion of
                  | mutation]
 46694 | Slime:5  | Lost mutation: You have hidden genetic defects. [potion of
                  | mutation]
 46694 | Slime:5  | Gained mutation: You have very sharp teeth. [potion of
                  | mutation]
 46694 | Slime:5  | Gained mutation: You are dopey. (Int -2) [potion of
                  | mutation]
 46694 | Slime:5  | Gained mutation: You are robust. (+10% HP) [potion of
                  | mutation]
 46716 | Slime:5  | Lost mutation: Potions are less effective at restoring your
                  | health. [potion of mutation]
 46716 | Slime:5  | Lost mutation: You are dopey. (Int -2) [potion of mutation]
 46716 | Slime:5  | Lost mutation: Your body sometimes deteriorates upon taking
                  | damage. [potion of mutation]
 46716 | Slime:5  | Gained mutation: Your mind is acute. (Int +4, Str/Dex -1)
                  | [potion of mutation]
 46716 | Slime:5  | Gained mutation: You are partially covered in iridescent
                  | scales. (AC +2) [potion of mutation]
 46720 | Slime:5  | Noticed the Royal Jelly
 46739 | Slime:5  | Killed the Royal Jelly
 46795 | Slime:5  | Identified the staff of earth "Tethotuvi" {rC- rCorr Dex+8}
 46834 | Slime:5  | Got a slimy rune of Zot
 46842 | Slime:5  | Got the Textbook on Undead Immolation
 46845 | Slime:5  | Identified the staff of earth "Fih Qec" {rC+ rCorr Int-5}
 46861 | Slime:5  | Identified the amulet "Ruarufif" {Regen+ MP+9}
 46874 | Slime:5  | Identified the ring "Taqairr" {rF+++ rCorr Str+6 Int-3
                  | Dex-3}
 47523 | Depths:2 | Identified the +6 morningstar of Quick Death {drain, rCorr
                  | Int+7}
 47525 | Depths:2 | Identified the +7 crystal plate armour "Ciwuf" {Harm rF+
                  | MP+9} (Okawaru gifted it to you on level 2 of the Depths)
 47525 | Depths:2 | Received a gift from Okawaru
 47588 | Depths:2 | Reached XP level 26. HP: 251/251 MP: 38/38
 47829 | Depths:2 | Found Birgh's General Store.
 48056 | Depths:2 | Found a hazy altar of Hepliaklqana.
 48129 | Depths:2 | Found a one-way gate leading to the halls of Pandemonium.
 48492 | Depths:3 | Found a one-way gate to the infinite horrors of the Abyss.
 49130 | Depths:3 | Found the +9 scales of the Dragon King {rPois rF+ rC+
                  | Will+}
 49195 | Depths:3 | Found an iron altar of Okawaru.
 49199 | Depths:3 | Found the +8 lance "Wyrmbane" {slay drac, rPois rF+ rC+
                  | AC+3}
 49259 | Depths:3 | Identified the +8 demon whip of True Grit {freeze, rPois
                  | Str+2}
 49655 | Depths:4 | Entered Level 4 of the Depths
 49742 | Depths:4 | Found a one-way gateway to a ziggurat.
 49904 | Depths:4 | Received a gift from Okawaru
 49983 | Depths:4 | Reached skill level 24 in Fighting
 50431 | Depths:4 | Identified the amulet "Hadaxan" {Spirit rF+ Will+ Dex+6}
 50530 | Depths:4 | Reached XP level 27. HP: 257/261 MP: 38/38
 50696 | Depths:4 | Found a gate to the Realm of Zot.
 51014 | Zot:1    | Entered Level 1 of the Realm of Zot
 51165 | Zot:1    | Noticed Vv
 51173 | Zot:1    | Killed Vv
 51314 | Zot:1    | Identified the +7 battleaxe of Kismet {heavy, Stlth+}
                  | (Okawaru gifted it to you on level 1 of the Realm of Zot)
 51314 | Zot:1    | Received a gift from Okawaru
 51467 | Zot:1    | Noticed an ancient lich
 51503 | Zot:1    | Killed an ancient lich
 51518 | Zot:1    | Found a stormy altar of Qazlal.
 51538 | Zot:1    | Got Qiesuf's Tome of Quicksand
 52502 | Zot:2    | Noticed an orb of fire
 52509 | Zot:2    | Gained mutation: You have hidden genetic defects. [an orb
                  | of fire]
 52517 | Zot:2    | Lost mutation: You are robust. (+10% HP) [an orb of fire]
 52519 | Zot:2    | Killed an orb of fire
 52645 | Zot:2    | Received a gift from Okawaru
 53060 | Zot:2    | Gained mutation: You are weak. (Str -2) [hidden defects]
 53119 | Zot:2    | Reached skill level 25 in Fighting
 53583 | Zot:3    | Found the +4 dragonskin cloak
 53583 | Zot:3    | Noticed Tiamat
 53621 | Zot:3    | Killed Tiamat
 53865 | Zot:3    | Gained mutation: You are clumsy. (Dex -2) [hidden defects]
 53865 | Zot:3    | Lost mutation: You have hidden genetic defects. [hidden
                  | defects expressed]
 54047 | Zot:3    | Identified the ring of Polytheism {Ice +Blink Int+2}
 54047 | Zot:3    | Noticed Josephina
 54065 | Zot:3    | Killed Josephina
 54687 | Zot:4    | Noticed an orb of fire
 54696 | Zot:4    | Gained mutation: You occasionally shout uncontrollably at
                  | your foes. [an orb of fire]
 54698 | Zot:4    | Gained mutation: You are frail. (-10% HP) [an orb of fire]
 54701 | Zot:4    | Gained mutation: You frequently scream uncontrollably at
                  | your foes. [an orb of fire]
 54702 | Zot:4    | Gained mutation: You are very weak. (Str -4) [an orb of
                  | fire]
 54706 | Zot:4    | Gained mutation: Your spells are a little easier to cast,
                  | but a little less powerful. [an orb of fire]
 54711 | Zot:4    | Gained mutation: Your magical capacity is low. (-10% MP)
                  | [an orb of fire]
 54715 | Zot:4    | Gained mutation: Your body sometimes deteriorates upon
                  | taking damage. [an orb of fire]
 54718 | Zot:4    | Killed an orb of fire
 54894 | Zot:4    | Found Liogius's CLEARANCE SALE!.
 54959 | Zot:4    | Received a gift from Okawaru
 55072 | Zot:4    | Found a transporter.
 55077 | Zot:4    | Found a transporter.
 55346 | Zot:4    | Identified the +0 chain mail of Eternal Vigilance {Fly
                  | rElec Dex-2 Stlth+}
 55375 | Zot:5    | Entered Level 5 of the Realm of Zot
 55760 | Zot:5    | Identified the +4 scale mail of the Bulwark {Str+3}
                  | (Okawaru gifted it to you on level 5 of the Realm of Zot)
 55760 | Zot:5    | Received a gift from Okawaru
 55761 | Zot:5    | Noticed an orb of fire
 55764 | Zot:5    | Lost mutation: You are partially covered in iridescent
                  | scales. (AC +2) [an orb of fire]
 55765 | Zot:5    | Noticed a Killer Klown
 55766 | Arena    | Entered the Arena
 55767 | Arena    | Gained mutation: You are very clumsy. (Dex -4) [an orb of
                  | fire]
 55773 | Arena    | Killed an orb of fire
 55774 | Arena    | Reached skill level 26 in Fighting
 55788 | Zot:5    | Noticed a Killer Klown
 55803 | Zot:5    | Noticed an ancient lich
 55816 | Zot:5    | Killed an ancient lich
 55855 | Zot:5    | Killed a Killer Klown
 55961 | Zot:5    | Noticed an orb of fire
 55985 | Zot:5    | Lost mutation: You frequently scream uncontrollably at your
                  | foes. [an orb of fire]
 56016 | Zot:5    | Gained mutation: You frequently scream uncontrollably at
                  | your foes. [an orb of fire]
 56018 | Zot:5    | Gained mutation: You occasionally lose the ability to drink
                  | potions when taking damage. [an orb of fire]
 56021 | Zot:5    | Gained mutation: You are very frail. (-20% HP) [an orb of
                  | fire]
 56042 | Zot:5    | Gained mutation: Your body often deteriorates upon taking
                  | damage. [an orb of fire]
 56045 | Zot:5    | Killed an orb of fire
 56055 | Zot:5    | Noticed an orb of fire
 56057 | Zot:5    | Noticed a Killer Klown
 56059 | Zot:5    | Gained mutation: You are extremely frail. (-30% HP) [an orb
                  | of fire]
 56061 | Zot:5    | Lost mutation: You are very weak. (Str -4) [an orb of fire]
 56065 | Zot:5    | Gained mutation: You occasionally lose the ability to read
                  | scrolls when taking damage. [an orb of fire]
 56066 | Zot:5    | Lost mutation: Your mind is acute. (Int +4, Str/Dex -1) [an
                  | orb of fire]
 56066 | Zot:5    | Noticed a Killer Klown
 56071 | Zot:5    | Gained mutation: You are dopey. (Int -2) [an orb of fire]
 56072 | Zot:5    | Killed an orb of fire
 56087 | Zot:5    | Killed a Killer Klown
 56091 | Zot:5    | Killed a Killer Klown
 56093 | Zot:5    | Killed a Killer Klown
 56177 | Zot:5    | Lost mutation: You are weak. (Str -2) [potion of mutation]
 56177 | Zot:5    | Lost mutation: You are extremely frail. (-30% HP) [potion
                  | of mutation]
 56177 | Zot:5    | Gained mutation: You passively dampen the noise of your
                  | surroundings. [potion of mutation]
 56178 | Zot:5    | Lost mutation: You are very frail. (-20% HP) [potion of
                  | mutation]
 56178 | Zot:5    | Lost mutation: You frequently scream uncontrollably at your
                  | foes. [potion of mutation]
 56178 | Zot:5    | Lost mutation: Your body often deteriorates upon taking
                  | damage. [potion of mutation]
 56179 | Zot:5    | Lost mutation: You have very sharp teeth. [potion of
                  | mutation]
 56179 | Zot:5    | Lost mutation: You are very clumsy. (Dex -4) [potion of
                  | mutation]
 56179 | Zot:5    | Lost mutation: You are frail. (-10% HP) [potion of
                  | mutation]
 56179 | Zot:5    | Gained mutation: Your system is resistant to poisons.
                  | (rPois) [potion of mutation]
 56180 | Zot:5    | Lost mutation: You passively dampen the noise of your
                  | surroundings. [potion of mutation]
 56180 | Zot:5    | Lost mutation: Your system is resistant to poisons. (rPois)
                  | [potion of mutation]
 56180 | Zot:5    | Lost mutation: Armour fits poorly on your strangely shaped
                  | body. [potion of mutation]
 56180 | Zot:5    | Gained mutation: Your muscles are strong. (Str +4, Int/Dex
                  | -1) [potion of mutation]
 56436 | Zot:5    | Noticed an orb of fire
 56450 | Zot:5    | Killed an orb of fire
 56451 | Zot:5    | Reached skill level 27 in Fighting
 56452 | Zot:5    | Noticed an ancient lich
 56454 | Zot:5    | Killed an ancient lich
 56455 | Zot:5    | Noticed a Killer Klown
 56455 | Zot:5    | Noticed a Killer Klown
 56457 | Zot:5    | Noticed a Killer Klown
 56522 | Zot:5    | Killed a Killer Klown
 56527 | Zot:5    | Killed a Killer Klown
 56552 | Zot:5    | Killed a Killer Klown
 56640 | Zot:5    | Got the Orb of Zot
 57295 | D:4      | Noticed Xoimobal the pandemonium lord
 57302 | D:4      | Killed Xoimobal the pandemonium lord
 57362 | D:$      | Escaped with the Orb!

Illustrated notes

Levels and vault maps discovered:
D:1:      moated_graveyard_arrival, layout_rooms
D:2:      wander_river, layout_loops_corners, uniq_natasha
D:3:      layout_rooms, lemuel_doored_altar,
          dreamdust_ecumenical_altar_hidden_monk_grotto, skrybe_limestone_x
D:4:      layout_layer_cave, old_standard_altar, nicolae_ru_path_of_blood,
          grunt_nemelex_the_gamble
D:5:      layout_loops_cross, kennysheep_mini_moat, minmay_temple_entry_hall,
          serial_shops, nicolae_shop_behind_doors, enter_ossuary_2,
          chequers_serial_rivers_large_a, st_stairs_2,
          nicolae_figureground_pulse, uniq_eustachio
D:6:      layout_basic
D:7:      layout_loops_ring, gammafunk_ghost_split
D:8:      layout_loops_ring, zin_scriptorium, ebering_ghost_rock_garden,
          st_stairs_5, uniq_erica
D:9:      layout_basic, serial_shops, nicolae_shop_hallway_plus,
          palyth_stone_intersect, serial_park_tiny_pond
D:10:     layout_basic, mainiacjoe_overflow_brackets, dpeg_lair_monsters,
          corexii_corridor_pit, chequers_mini_garden,
          chequers_serial_rivers_micro_d, uniq_maggie
D:11:     layout_roguey
D:12:     layout_irregular_city, david_orc_4, minmay_misc_feat_plants
D:13:     layout_irregular_city, david_vaults_1, nicolae_wu_jian_wuxing_cycle,
          uniq_kirke
D:14:     layout_irregular_city, chequers_decorated_corner, serial_shops, shop,
          amcnicky_mini_rare_corridor_liquid, hangedman_decor_clover_reticule,
          onia_ninara_dug_in_and_dangerous, uniq_snorg
D:15:     grunt_enter_depths_snipers, layout_rooms,
          hangedman_abyss_or_decor_lesser_grid, dreamdust_mushroom_princess
Temple:   nicolae_temple_superstar
Lair:1:   gammafunk_boulding_lane, layout_regular_city
Lair:2:   layout_regular_city, guppyfry_snake_entry_garden,
          minmay_shattered_shrine, uniq_nergalle
Lair:3:   layout_gridlike, shoals_dummy_entry, lemuel_oklob_altar
Lair:4:   layout_cellular_growth, maelrawn_ghost_gauntlet_escape,
          enter_volcano_3, grunt_megastairs_1, serial_bayou_shore_a
Lair:5:   hangedman_lair_caniforms_friends, layout_regular_city, wormcave,
          slime_entry_1, gauntlet_entry_generic, serial_bayou_pond_b
Shoals:1: layout_shoals, nicolae_shoals_wave_tunnel
Shoals:2: layout_shoals
Shoals:3: layout_shoals, nicolae_shoals_circle_sea_wall
Shoals:4: shoals_end_hellmonk_storm_palace [storm_palace_center_ruins,
          storm_palace_corner_reverse_hut, storm_palace_corner_narrow,
          storm_palace_corner_pillars, storm_palace_corner_reverse_hut]
Snake:1:  layout_rooms, basic_altar, nicolae_snake_gridmaze_zigzag, drop_trap,
          grunt_ministairs_14, uniq_asterion
Snake:2:  layout_misc_corridors, uniq_frances
Snake:3:  layout_rooms, uniq_bai_suzhen
Snake:4:  grunt_snake_rune_serpentine_throne, layout_grid_maze,
          nicolae_snake_gridmaze_spiral
Slime:1:  layout_caves, nicolae_slime_ancient_tower_intersection
Slime:2:  cheibrodos_slime_lost_civilization_10, layout_caves,
          cheibrodos_slime_lost_civilization_7
Slime:3:  layout_caves
Slime:4:  nicolae_slime_jelly_donut, layout_caves
Slime:5:  uniq_donald
Orc:1:    layout_diamond_mine
Orc:2:    st_orc_mages, layout_caves, minmay_orc_temple_a
Elf:1:    layout_geoelf_octagon, serial_shops, shop, evilmike_minifort
Elf:2:    nicolae_elf_blades_crystal_corner, layout_gridlike,
          serial_sigils_hangedman_shear, drop_trap
Elf:3:    elf_hall, layout_geoelf_castle, hellmonk_ghost_happy_afterlife,
          minivault_16
Vaults:1: v_alt_pattern_2, nicolae_vaults_network_quinsquares
          [nicolae_vaults_network_quincunx_subvault,
          nicolae_vaults_network_quincunx_subvault,
          nicolae_vaults_network_quincunx_subvault,
          nicolae_vaults_network_quincunx_subvault],
          nicolae_vaults_whirlpool_walls, nicolae_vaults_trapezoid_lopsided_4,
          ontoclasm_vaults_chip, nicolae_vaults_variable_pillar_hall_cross,
          vaults_mumra_lcd, v_misc_23, v_misc_18,
          nicolae_vaults_variable_pillar_hall, nicolae_vaults_tetromino_T_1,
          nicolae_vaults_surprise_closet, layout_vaults_omnibox
Vaults:2: blue_anna_dwarven_crypt, nicolae_vaults_trapezoid_3, v_rooms_1,
          nicolae_vaults_wrenched, ontoclasm_vaults_idyll, v_misc_31,
          v_pattern_5, v_misc_2, vaults_room_pools, ontoclasm_vaults_misaligned,
          layout_vaults_quadrants, nicolae_trove_entry_diagonal, uniq_aizul
Vaults:3: gammafunk_ghost_spectres, ontoclasm_vaults_chip,
          minmay_guarded_unrand_secular_launcher,
          vaults_standard_mumra_enter_the_diamond, v_misc_12,
          nicolae_vaults_lightning_bolt, nicolae_vaults_hexular_roomagon,
          layout_vaults_maze_snakey, uniq_nikola, uniq_zenata
Vaults:4: nicolae_vaults_house_2, ontoclasm_vaults_decontamination,
          nicolae_vaults_an_arrangement, nicolae_vaults_apartment_1,
          ontoclasm_vaults_chip, nicolae_vaults_closet_pinwheel_3,
          nicolae_vaults_cochlea, nicolae_vaults_meiosis,
          nicolae_vaults_angled_halls, nicolae_vaults_door_testing_chamber,
          vaults_room_corners, nicolae_vaults_little_squares_3,
          nicolae_vaults_gold_heap, layout_vaults_chaotic_city
Depths:1: grunt_twisty_corner, layout_basic, grunt_gozag_breadcrumbs,
          grunt_metal_band, drop_trap, chequers_serial_rivers_marsh,
          minmay_misc_feat_chi, minmay_the_grid_square_5x5_3x3_mashed
          [minmay_the_grid_square_5x5_almost_minimal,
          minmay_the_grid_square_5x5_inverted_slash,
          minmay_the_grid_square_5x5_inset, minmay_the_grid_square_5x5_spiral,
          minmay_the_grid_square_5x5_megaprize_diamond,
          minmay_the_grid_square_5x5_three_small, minmay_the_grid_square_5x5_n,
          minmay_the_grid_square_5x5_hourglass,
          minmay_the_grid_square_5x5_doubleslash]
Depths:2: minmay_cut_squares, layout_gridlike, grunt_pan_entry_spiral,
          serial_shops, nicolae_shop_crystal, hell_entry,
          wad_floor_pattern_untrapped, grunt_ministairs_3,
          worldfamousw_hep_ancestral_shrine, minmay_staircase_bubble,
          serial_bayou_shore_b
Depths:3: evilmike_iron_armoury, layout_gridlike, abyss_entry_glasseish,
          rand_demon_pan_entry_7, serial_bayou_pond_a, hell_entry, st_stairs_11,
          minmay_misc_feat_tower, infiniplex_staircase_squiggle
Depths:4: grunt_zot_entry_tricorne, layout_gridlike, enter_ziggurat_e,
          serial_aquarium, aquarium_bridge_square [aquarium_subvault_bridge,
          aquarium_subvault_wall, aquarium_subvault_bridge,
          aquarium_subvault_window], aquarium_bridge_straight
          [aquarium_subvault_bridge, aquarium_subvault_wall,
          aquarium_subvault_bridge, aquarium_subvault_wall],
          aquarium_window_corridor_3, aquarium_window_1, aquarium_window_fake,
          aquarium_window_2, aquarium_view_2b, aquarium_pool_1, abyss_entry,
          pf_hell_entry_great_geh, dreamdust_wishing_well, onia_ninara_cookie
Zot:1:    regret_index_qazlal_generations, layout_basic, uniq_vv
Zot:2:    layout_concentric_octagons, skrybe_zot_glass_2
Zot:3:    layout_basic, skrybe_zot_glass_3, uniq_josephina, uniq_tiamat
Zot:4:    gammafunk_sealed_arena, layout_cellular_growth, nicolae_shop_clearance
Zot:5:    layout_misc_corridors

Skill      XL: |  1  2  3  4  5  6  7  8  9 10 11 12 13 14 15 16 17 18 19 20 21 22 23 24 25 26 27 |
---------------+----------------------------------------------------------------------------------+-----
Fighting       | 4 5 6 7 8 9 10 11 12 13 14 15 16 17 18 21 23 24 27 | 27.0
Armour         | 4 6 7 8 9 10 11 12 13 14 15 16 17 18 19 20 23 | 23.6
Dodging        | 1 2 3 4 5 6 7 8 9 10 11 13 | 13.0
Shields        | 5 6 8 10 11 12 14 15 16 17 18 20 21 23 26 | 26.0
Axes           | 4 6 9 10 11 12 14 16 18 19 20 21 22 23 | 23.7
Evocations     | 2 5 6 7 |  7.0
Spellcasting   | 2 3 4 5 6 7 8 9 10 11 | 11.0
Polearms       | 5 6 |  6.4
Earth Magic    | 4 5 7 8 |  8.0
Invocations    | 3 4 |  4.0
Hexes          | 1 5 8 10 11 12 13 | 13.0
Transmutations | 1 3 4 5 6 8 |  8.0

Action                     |  1- 3 |  4- 6 |  7- 9 | 10-12 | 13-15 | 16-18 | 19-21 | 22-24 | 25-27 || total
---------------------------+-------+-------+-------+-------+-------+-------+-------+-------+-------++-------
  Melee: War axe           |    81 |   101 |   398 |   255 |   945 |     4 |       |       |       ||  1784
         Unarmed           |       |     9 |       |       |       |       |       |       |       ||     9
         Spear             |       |       |       |   375 |   324 |    12 |       |       |       ||   711
         Battleaxe         |       |       |       |    12 |       |       |       |       |       ||    12
         Executioner's axe |       |       |       |       |       |   788 |   721 |   918 |  1310 ||  3737
         Bite              |       |       |       |       |       |       |       |       |   175 ||   175
         Lance             |       |       |       |       |       |       |       |       |   252 ||   252
  Throw: Dart              |       |     6 |       |     6 |     1 |       |       |       |       ||    13
   Cast: Beastly Appendage |       |       |       |       |       |       |     4 |     1 |       ||     5
         Yara's Violent Un |       |       |       |       |       |       |       |     5 |     5 ||    10
 Invoke: Heroism           |       |       |       |       |     3 |     8 |     7 |     5 |    15 ||    38
         Finesse           |       |       |       |       |     2 |     4 |     3 |     4 |    11 ||    24
         Duel              |       |       |       |       |       |       |       |       |     1 ||     1
Ability: Dig               |       |     2 |       |       |     6 |    11 |    10 |    10 |    16 ||    55
  Evoke: Wand              |       |       |       |     5 |    12 |     4 |       |     3 |       ||    24
         Condenser vane    |       |       |       |       |     1 |       |       |       |       ||     1
         Lightning rod     |       |       |       |       |       |       |       |       |     2 ||     2
    Use: Scroll            |       |       |       |    16 |    17 |     5 |       |     1 |     2 ||    41
         Potion            |       |       |       |     3 |     7 |       |     2 |     1 |    10 ||    23
   Stab: Distracted        |       |       |       |     1 |       |     1 |     1 |       |       ||     3
         Sleeping          |       |       |       |     1 |     4 |       |       |       |       ||     5
 Armour: Scale mail        |    48 |    49 |   203 |    62 |   181 |   190 |   104 |       |       ||   837
         Skin              |       |    24 |       |       |       |       |       |       |       ||    24
         Swamp dragon scal |       |       |       |    58 |    11 |       |       |       |       ||    69
         Fire dragon scale |       |       |       |       |    34 |       |    49 |   115 |    93 ||   291
         Crystal plate arm |       |       |       |       |       |       |       |     7 |       ||     7
         Gold dragon scale |       |       |       |       |       |       |       |       |   203 ||   203
  Dodge: Dodged            |    49 |    43 |   175 |   165 |   561 |   548 |   304 |   345 |   579 ||  2769
  Block: Buckler           |    22 |    37 |    75 |       |       |       |       |       |       ||   134
         Kite shield       |       |       |   122 |   431 |  1029 |   818 |   259 |       |       ||  2659
         Tower shield      |       |       |       |       |       |       |   608 |  1304 |  1871 ||  3783
